 Dungeon Crawl Stone Soup version 0.26-a0-18-g135ff06667 (webtiles) character file.

Game seed: 10809017649042577868, levelgen mode: deterministic

178 Mrkan the Skirmisher (level 5, 0/50 HPs)
             Began as a Draconian Berserker on May 24, 2020.
             Was a Believer of Trog.
             Slain by a hound (6 damage)
             ... on level 5 of the Dungeon.
             The game lasted 00:03:33 (2141 turns).

Mrkan the Skirmisher (Draconian Berserker)          Turns: 2141, Time: 00:03:34

Health: 0/50       AC:  6    Str: 21    XL:     5   Next: 32%
Magic:  5/5        EV: 12    Int:  7    God:    Trog [**....]
Gold:   144        SH:  0    Dex: 10    Spells: 4/4 levels left

rFire    . . .     SeeInvis .   a - +0 hand axe
rCold    . . .     Gourm    .   (no shield)
rNeg     . . .     Faith    .   (armour unavailable)
rPois    .         Spirit   .   (helmet restricted)
rElec    .         Reflect  .   (no cloak)
rCorr    .         Harm     .   h - +0 pair of gloves (curse)
MR       .....                  (no boots)
Stlth    +.........             (no amulet)
HPRegen  0.16/turn              (no ring)
MPRegen  0.09/turn              (no ring)

@: berserk cooldown, slowed, very slow
A: unfitting armour, cold-blooded, AC +5
a: Berserk, Trog's Hand, Renounce Religion


You were on level 5 of the Dungeon.
You worshipped Trog.
Trog was pleased with you.
You were near starving.

You visited 1 branch of the dungeon, and saw 5 of its levels.

You collected 144 gold pieces.

Inventory:

Hand Weapons
 a - a +0 hand axe (weapon)
Missiles
 i - 5 javelins (quivered)
Armour
 h - a cursed +0 pair of gloves (worn)
Jewellery
 c - an uncursed amulet of guardian spirit {unknown}
 o - an uncursed amulet of the acrobat {unknown}
Wands
 m - a wand of flame (16)
Scrolls
 f - a scroll of enchant armour {unknown}
 g - 4 scrolls of teleportation {unknown}
 k - a scroll of fear {unknown}
 n - 5 scrolls of identify {unknown}
Potions
 d - 7 potions of berserk rage {unknown}
 e - 3 potions of heal wounds {unknown}
 j - a potion of curing {unknown}
 l - 2 potions of might {unknown}
 q - a potion of degeneration {unknown}
Comestibles
 b - 6 rations
 p - 2 chunks of flesh


   Skills:
 * Level 5.7 Fighting
 - Level 4.0 Axes
 - Level 3.0 Dodging


You had 4 spell levels left.
You didn't know any spells.
Your spell library was empty.

Dungeon Overview and Level Annotations

Branches:
Dungeon (5/15)
 Temple: D:4-7

Altars:
Cheibriados

Annotations:
D:4 Grinder


Innate Abilities, Weirdness & Mutations

Your plain brown scales are hard. (AC +5)
You cannot fit into any form of body armour.
You are cold-blooded and may be slowed by cold attacks.


Message History

Grinder gestures at you. Pain shoots through your body!
* * * LOW HITPOINT WARNING * * *
The hound bites you but does no damage.
Grinder blinks!
The hound barely misses you. The hound bites you.
* * * LOW HITPOINT WARNING * * *
There is a stone staircase leading down here.
The hound barely misses you.
Grinder blinks!
The hound bites you but does no damage. The hound closely misses you.
You climb downwards.
There is a stone staircase leading up here.
You barely miss the hound. The hound barely misses you.
The hound closely misses you.
You slash the hound!
Your tail-slap misses the hound.
The hound is heavily wounded.
The hound bites you.
* * * LOW HITPOINT WARNING * * *
The hound bites you.
You die...

. .. ...
....#########+#
...............
........h......
.......@.......
...............
...............
##+########....
... .. .


You could see a hound.

Vanquished Creatures
  A hound (D:4)
  2 orc wizards (D:3)
  Terence (D:2)
  An adder (D:3)
  An ooze (D:3)
  2 worms (D:2)
  A dart slug (D:1)
  A leopard gecko (D:4)
  4 orcs (D:3)
  8 bats
  3 giant cockroaches (D:1)
  4 hobgoblins
  5 kobolds
  A quokka (D:2)
  A frilled lizard (D:2)
  4 goblins
  3 rats
43 creatures vanquished.

Notes
Turn   | Place    | Note
-------+----------+-------------------------------------------
     0 | D:1      | Mrkan the Draconian Berserker began the quest for the Orb.
     0 | D:1      | Reached XP level 1. HP: 19/19 MP: 1/1
   145 | D:1      | Reached XP level 2. HP: 22/27 MP: 2/2
   296 | D:1      | Reached skill level 4 in Fighting
   726 | D:2      | Reached XP level 3. HP: 33/33 MP: 3/3
   863 | D:2      | Noticed Terence
   876 | D:2      | Killed Terence
  1214 | D:2      | Reached ** piety under Trog
  1404 | D:3      | Reached XP level 4. HP: 31/40 MP: 4/4
  1587 | D:3      | Reached skill level 5 in Fighting
  1587 | D:3      | Reached XP level 5. HP: 16/48 MP: 5/5
  1804 | D:3      | Found a snail-covered altar of Cheibriados.
  2122 | D:4      | Noticed Grinder
  2139 | D:5      | Entered Level 5 of the Dungeon
  2141 | D:5      | Slain by a hound

Illustrated notes

Levels and vault maps discovered:
D:1:      lightli_arrival_statue_moat, layout_basic
D:2:      layout_basic, first_ration, uniq_terence
D:3:      layout_basic, overflow_temple_1_default, minmay_splitting_lines
D:4:      layout_rooms, nicolae_ossuary_entry_catacombs,
          grunt_dithmenos_shadows, uniq_grinder, uniq_crazy_yiuf_cottage
D:5:      layout_gridville, ebering_dispersal_statue_hall,
          grunt_gozag_breadcrumbs, uniq_edmund, uniq_prince_ribbit1

Skill      XL: |  1  2  3  4 |
---------------+-------------+-----
Fighting       | 4 5 |  5.7
Dodging        | 3 |  3.0
Axes           | 4 |  4.0

Action                   |  1- 3 |  4- 6 || total
-------------------------+-------+-------++-------
Melee: Hand axe          |    96 |    65 ||   161
       Tailslap          |    14 |     8 ||    22
Invok: Berserk           |       |     2 ||     2
       Trog's Hand       |       |     2 ||     2
 Stab: Sleeping          |     2 |       ||     2
  Eat: Chunk             |     2 |     3 ||     5
Armor: Skin              |    33 |    27 ||    60
Dodge: Dodged            |    63 |    39 ||   102

Table legend:
 A = Non-vault XP
 B = Vault XP
 C = Vault XP percentage of total XP
 D = Non-vault monster count
 E = Vault monster count
 F = Vault count percentage of total count
                 A         B        C        D         E       F
            +---------+---------+-------+---------+---------+-------
      Total |     219 |      36 |  14.1 |      42 |       1 |   2.3
            +---------+---------+-------+---------+---------+-------
        D:1 |      33 |       0 |   0.0 |      17 |       0 |   0.0
        D:2 |      24 |      36 |  60.0 |      12 |       1 |   7.7
        D:3 |     116 |       0 |   0.0 |      11 |       0 |   0.0
        D:4 |      46 |       0 |   0.0 |       2 |       0 |   0.0
            +---------+---------+-------+---------+---------+-------
